 Dungeon Crawl Stone Soup version 0.28-a0-612-gcfc00ec14d (webtiles) character file.

Game seed: 15806078970824654320

19817 Woods the Grappler (level 12, -1/105 HPs)
             Began as a Grey Draconian Transmuter on Sept 30, 2021.
             Was a High Priest of Cheibriados.
             Slain by a seven-headed hydra (8 damage)
             ... on level 1 of the Lair of Beasts on Oct 6, 2021.
             The game lasted 00:36:12 (18948 turns).

Woods the Grappler (Grey Draconian Transmuter)     Turns: 18948, Time: 00:36:13

Health: -1/105     AC:  2    Str: 27    XL:     12   Next: 39%
Magic:  25/25      EV: 34    Int: 32    God:    Cheibriados [*****.]
Gold:   2377       SH:  0    Dex: 37    Spells: 12/29 levels left

rFire   . . .      SeeInvis .     - Unarmed
rCold   + . .      Faith    .   (shield currently unavailable)
rNeg    . . .      Spirit   .   (armour unavailable)
rPois   .          Reflect  .   (helmet currently unavailable)
rElec   .          Harm     .   (cloak currently unavailable)
rCorr   +          Rampage  .   (gloves currently unavailable)
Will    .....                   (boots currently unavailable)
Stlth   +++.......              (no amulet)
HPRegen 0.27/turn               E - ring "Cafopt" {Contam rPois rC+ rCorr EV+4}
MPRegen 0.19/turn               z - +6 ring of dexterity

@: about to teleport, spider-form, very slow
A: venomous fangs, AC +13, (amphibious), tiny, unfitting armour, (cold-blooded)
a: End Transformation, Renounce Religion, Bend Time, Temporal Distortion,
Slouch, Step From Time


You were on level 1 of the Lair of Beasts.
You worshipped Cheibriados.
Cheibriados was extremely pleased with you.
You were a venomous arachnid creature.
You visited 3 branches of the dungeon, and saw 14 of its levels.

You collected 2377 gold pieces.

Inventory:

Missiles
 t - a throwing net
Armour
 b - a +2 cloak (melded)
 m - a +0 kite shield
 r - a +0 pair of gloves (melded)
 w - a +1 hat of willpower (melded)
Jewellery
 u - a ring of poison resistance
 z - a +6 ring of dexterity (right front leg)
 B - a ring of protection from cold
 D - a ring of ice
 E - the ring "Cafopt" (left front leg) {Contam rPois rC+ rCorr EV+4}
   (You acquired it on level 10 of the Dungeon)

   [ring of evasion]

   EV:        It affects your evasion (+4).
   rC:        It protects you from cold.
   rPois:     It protects you from poison.
   Contam:    It causes magical contamination when unequipped.
   rCorr:     It protects you from acid and corrosion.
 H - a ring of protection from fire
 I - a +6 ring of intelligence
 K - the ring of Nit Rutumn {rElec Will+}
   (You took it off a centaur on level 11 of the Dungeon)

   [ring of willpower]

   rElec:     It insulates you from electricity.
   Will:      It increases your willpower.
Wands
 f - a wand of flame (17)
 y - a wand of iceblast (9)
 A - a wand of polymorph (4)
 G - a wand of acid (11)
Scrolls
 c - 4 scrolls of identify
 d - 2 scrolls of blinking {unknown}
 e - a scroll of fog
 g - 4 scrolls of amnesia
 i - 2 scrolls of teleportation
 p - 3 scrolls of enchant armour {unknown}
 q - a scroll of fear
 s - 2 scrolls of torment
 v - a scroll of immolation {unknown}
 C - a scroll of silence {unknown}
Potions
 a - 2 potions of haste {unknown}
 h - a potion of lignification {unknown}
 j - 2 potions of mutation {unknown}
 k - 2 potions of might
 l - a potion of curing
 n - a potion of cancellation {unknown}
 o - a potion of degeneration {unknown}
 x - 2 potions of ambrosia
 F - a potion of brilliance {unknown}
 J - a potion of magic {unknown}


   Skills:
 + Level 9.5 Fighting
 - Level 6.0 Dodging
 + Level 11.0 Unarmed Combat
 * Level 9.3 Spellcasting
 - Level 8.0 Transmutations
 - Level 6.0 Earth Magic
 - Level 6.0 Invocations


You had 12 spell levels left.
You knew the following spells:

 Your Spells              Type           Power      Damage    Failure   Level
a - Beastly Appendage     Tmut           100%       N/A       1%          1
b - Wereblood             Tmut           60%        N/A       2%          2
c - Spider Form           Tmut/Pois      20%        N/A       8%          3
d - Ice Form              Ice/Tmut       40%        N/A       17%         4
e - Stone Arrow           Conj/Erth      68%        3d11      10%         3
f - Leda's Liquefaction   Hex/Erth       17%        N/A       24%         4

Your spell library contained the following spells:

 Spells                   Type           Power      Damage    Failure   Level
 Sandblast                Erth           100%       2d20      2%          1
 Passwall                 Tmut/Erth      46%        N/A       2%          2
 Ensorcelled Hibernation  Hex/Ice        30%        N/A       14%         2
 Scorch                   Fire           30%        2d6       14%         2
 Static Discharge         Conj/Air       15%        N/A       14%         2
 Call Canine Familiar     Summ           15%        N/A       24%         3
 Dazzling Flash           Conj/Hex       30%        N/A       24%         3
 Portal Projectile        Hex/Tloc       30%        N/A       24%         3
 Tukima's Dance           Hex            15%        N/A       24%         3
 Cause Fear               Hex            7%         N/A       54%         4
 Dispel Undead            Necr           15%        3d10      54%         4
 Flame Wave               Conj/Fire      15%        3d5       54%         4
 Sticky Flame             Conj/Fire      15%        2d4       54%         4
 Agony                    Necr           15%        N/A       83%         5
 Silence                  Hex/Air        7%         N/A       83%         5
 Dragon Form              Tmut           30%        N/A       87%         7
 Summon Cactus Giant      Summ           7%         N/A       100%        6
 Dragon's Call            Summ           7%         N/A       100%        9


Dungeon Overview and Level Annotations

Branches:
Dungeon (12/15)            Temple (1/1) D:5            Lair (1/6) D:11
    Orc (0/2) D:9

Altars:
Ashenzari
Cheibriados
Dithmenos
Elyvilon
Fedhas
Gozag
Hepliaklqana
Kikubaaqudgha
Makhleb
Nemelex Xobeh
Okawaru
Qazlal
Ru
Sif Muna
Trog
Uskayaw
Vehumet
Wu Jian
Xom
Yredelemnul
Zin
The Shining One

Shops:
D:3 [   D:9 [   D:10 [


Innate Abilities, Weirdness & Mutations

You are a venomous arachnid creature.
You have poisonous fangs.
You are tiny and dextrous.
Your spellcasting is less reliable in this form.
Your armour is entirely melded.
You are incapable of wielding weapons or throwing items.
((Your dull iron-grey scales are very hard. (AC +13)))
((You are amphibious.))
You cannot fit into any form of body armour.
((You are cold-blooded and may be slowed by cold attacks.))


Message History

The wolf completely misses you. The wolf barely misses you.
You bite the wolf!
The wolf is severely wounded.
The wolf misses you.
You bite the wolf!
You kill the wolf!
Cheibriados thoroughly appreciates the change of pace.
A seven-headed hydra comes into view.
A wolf comes into view.
There are monsters nearby!
A wolf comes into view.
The seven-headed hydra bites you!
The seven-headed hydra completely misses you.
The seven-headed hydra bites you!
The seven-headed hydra completely misses you. x2
The seven-headed hydra bites you but does no damage.
The seven-headed hydra misses you. x2; The seven-headed hydra bites you! x2
The seven-headed hydra closely misses you.
The seven-headed hydra completely misses you. x3
The wolf closely misses you.
As you read the scroll of teleportation, it crumbles to dust.
You feel strangely unstable. The wolf completely misses you.
The seven-headed hydra bites you! x2
* * * LOW HITPOINT WARNING * * *
The seven-headed hydra misses you.
The seven-headed hydra completely misses you. x2
The seven-headed hydra barely misses you.
The seven-headed hydra bites you.
* * * LOW HITPOINT WARNING * * *
The wolf bites you.
* * * LOW HITPOINT WARNING * * *
The sentinel's mark upon you fades away.
The wolf closely misses you. The wolf barely misses you.
The wolf completely misses you.
The seven-headed hydra completely misses you. x2
The seven-headed hydra bites you!
* * * LOW HITPOINT WARNING * * *
The seven-headed hydra completely misses you.
The seven-headed hydra bites you!
You die...

)....#...#....# ..#
..........##.### ..
...#...........#####
#......##.......## .
##.....##......... #.
##....P.###P.......
#.###................# #
...#..#h.....#......# .)
#.#.#.hs...P#..#..)#
...#.....D##P###.#.##...
.........#######.### ..
###......# #.†...#
#.......####.....#
......#......#...#
###.#.#.P#.###...# # #
#....# ##### .......#


You could see a seven-headed hydra and 2 wolves.

Vanquished Creatures
  A boulder beetle (D:11)
  2 hydras (D:11)
  2 centaur warriors (D:11)
  A two-headed ogre (D:11)
  Erica (D:10)
  A deep elf pyromancer (D:11)
  6 cyclopes
  A black mamba (Lair:1)
  2 gargoyles (D:11)
  A cane toad (Lair:1)
  Psyche (D:10)
  2 trolls (D:11)
  Prince Ribbit (D:9)
  A queen bee (D:11)
  A polar bear (Lair:1)
  3 blink frogs
  Sigmund (D:5)
  A shadow (D:9)
  12 yaks
  2 wraiths (D:11)
  A steam dragon (D:10)
  2 acid dragons
  A water moccasin (D:7)
  A hornet zombie (D:9)
  12 orc warriors
  2 black bears
  2 ice beasts
  2 sky beasts
  3 necrophages
  2 ogres
  17 wolves
  14 centaurs
  4 phantoms
  A bullfrog (D:8)
  A scorpion (D:7)
  A gnoll sergeant (D:9)
  A water moccasin zombie (D:6)
  14 killer bees (D:11)
  5 wights (D:8)
  2 howler monkeys (D:11)
  2 centaur zombies
  5 orc priests
  2 hounds (D:5)
  A bullfrog skeleton (D:7)
  A centaur skeleton (D:7)
  A gnoll shaman (D:5)
  2 iguanas
  9 orc wizards
  A howler monkey zombie (D:6)
  18 gnolls
  2 howler monkey skeletons
  6 adders
  2 ufetubi
  A worm (D:2)
  2 dart slugs
  31 orcs
  3 bats
  6 endoplasms
  6 giant cockroaches
  4 goblins
  4 hobgoblins
  11 jackals
  5 quokkas
  9 ball pythons
  A frilled lizard (D:3)
  11 kobolds
  3 rats
280 creatures vanquished.

Vanquished Creatures (others)
  An orc wizard (D:9)
  3 orcs (D:9)
  2 fungi (Lair:1)
  13 plants
19 creatures vanquished.

Grand Total: 299 creatures vanquished

Notes
Turn   | Place    | Note
-------+----------+-------------------------------------------
     0 | D:1      | Woods the Draconian Transmuter began the quest for the Orb.
     0 | D:1      | Reached XP level 1. HP: 16/16 MP: 3/3
   471 | D:1      | Reached XP level 2. HP: 24/24 MP: 3/5
   483 | D:1      | Learned a level 2 spell: Wereblood
   587 | D:1      | Found a faded altar of an unknown god.
  1190 | D:2      | Reached XP level 3. HP: 30/30 MP: 6/6
  1489 | D:2      | Found a sparkling altar of Nemelex Xobeh.
  1579 | D:2      | Reached skill level 4 in Unarmed Combat
  1659 | D:2      | Reached XP level 4. HP: 38/38 MP: 5/7
  2518 | D:3      | Learned a level 3 spell: Spider Form
  2546 | D:3      | Upgraded the game from 0.28-a0-563-gf77a47075d to
                  | 0.28-a0-595-g9f6c0e134a
  2616 | D:3      | Noticed a scorpion
  2772 | D:3      | Found Raveogg's Armour Emporium.
  3377 | D:4      | Reached skill level 5 in Unarmed Combat
  3377 | D:4      | Reached XP level 5. HP: 34/45 MP: 8/8
  4191 | D:5      | Entered Level 5 of the Dungeon
  4193 | D:5      | Noticed a black bear
  4193 | D:5      | Noticed an ice beast
  4239 | D:5      | Noticed a centaur
  4318 | D:5      | Reached skill level 6 in Unarmed Combat
  4335 | D:5      | Noticed an ogre
  4353 | D:5      | Reached XP level 6. HP: 35/51 MP: 7/9
  4818 | D:4      | Killed an ice beast
  5203 | D:5      | Your scales start taking on a dull iron-grey colour.
  5203 | D:5      | Reached XP level 7. HP: 28/57 MP: 8/12
  5881 | D:5      | Reached skill level 5 in Spellcasting
  5881 | D:5      | Reached skill level 5 in Transmutations
  5886 | D:5      | Learned a level 4 spell: Ice Form
  5935 | D:5      | Found a staircase to the Ecumenical Temple.
  5935 | D:5      | Noticed Sigmund
  5951 | D:5      | Killed Sigmund
  5952 | D:5      | Reached XP level 8. HP: 56/66 MP: 15/15
  5996 | Temple   | Entered the Ecumenical Temple
  6135 | Temple   | Became a worshipper of Cheibriados the Contemplative
  6795 | D:6      | Reached skill level 7 in Unarmed Combat
  6905 | D:6      | Reached skill level 5 in Fighting
  7537 | D:6      | Reached skill level 8 in Unarmed Combat
  7552 | D:6      | Learned a level 3 spell: Stone Arrow
  7772 | D:7      | Reached skill level 1 in Earth Magic
  7802 | D:7      | Reached XP level 9. HP: 71/75 MP: 14/16
  7843 | D:7      | Reached * piety under Cheibriados
  7979 | D:7      | Reached skill level 9 in Unarmed Combat
  7993 | D:7      | Reached skill level 10 in Unarmed Combat
  9407 | D:8      | Reached XP level 10. HP: 62/84 MP: 15/18
  9415 | D:8      | Reached skill level 1 in Invocations
  9565 | D:8      | Reached ** piety under Cheibriados
 10603 | D:9      | Found Nonaompa's Armour Shop.
 10643 | D:9      | Noticed Prince Ribbit
 10652 | D:9      | Killed Prince Ribbit
 11368 | D:9      | Reached *** piety under Cheibriados
 12270 | D:8      | Reached skill level 5 in Dodging
 12733 | D:9      | Found a staircase to the Orcish Mines.
 13051 | D:10     | Entered Level 10 of the Dungeon
 13079 | D:10     | Noticed Psyche
 13083 | D:10     | Noticed Erica
 13091 | D:10     | Killed Psyche
 13101 | D:10     | Killed Erica
 13257 | D:10     | Noticed a cyclops
 13276 | D:10     | Killed a cyclops
 13277 | D:10     | Reached skill level 5 in Invocations
 13277 | D:10     | Reached XP level 11. HP: 7/94 MP: 19/21
 13624 | D:10     | Identified 4 scrolls of acquirement
 13628 | D:10     | Acquired 611 gold pieces
 13630 | D:10     | Acquired the ring "Cafopt" {Contam rPois rC+ rCorr EV+4}
 13632 | D:10     | Acquired 928 gold pieces
 13634 | D:10     | Acquired a +1 hat of willpower
 13701 | D:10     | Reached **** piety under Cheibriados
 13818 | D:10     | Learned a level 4 spell: Leda's Liquefaction
 13847 | D:10     | Found Fudwoy's Antique Armour Shop.
 14026 | D:10     | Found a sparkling altar of Nemelex Xobeh.
 14986 | D:11     | Identified the ring of Nit Rutumn {rElec Will+}
 14992 | D:11     | Noticed a boulder beetle
 15428 | D:11     | Noticed a deep elf pyromancer
 15443 | D:11     | Killed a deep elf pyromancer
 15456 | D:11     | Reached skill level 5 in Earth Magic
 15483 | D:11     | Noticed a centaur warrior
 15815 | D:11     | Killed a centaur warrior
 16103 | D:11     | Killed a boulder beetle
 16442 | D:11     | Upgraded the game from 0.28-a0-595-g9f6c0e134a to
                  | 0.28-a0-612-gcfc00ec14d
 16632 | D:11     | Reached ***** piety under Cheibriados
 16639 | D:11     | Noticed a two-headed ogre
 16657 | D:11     | Killed a two-headed ogre
 16765 | D:11     | Noticed a centaur warrior
 17023 | D:11     | Killed a centaur warrior
 17067 | D:11     | Reached XP level 12. HP: 103/103 MP: 21/24
 17147 | D:11     | Noticed an eight-headed hydra
 17160 | D:11     | Killed an eight-headed hydra
 17497 | D:11     | Noticed a seven-headed hydra
 17504 | D:11     | Killed a seven-headed hydra
 17681 | D:11     | Found a staircase to the Lair.
 17917 | D:12     | Noticed a two-headed ogre
 17972 | Lair:1   | Entered Level 1 of the Lair of Beasts
 18932 | Lair:1   | Reached skill level 11 in Unarmed Combat
 18944 | Lair:1   | Noticed a seven-headed hydra
 18948 | Lair:1   | Slain by a seven-headed hydra

Illustrated notes

Levels and vault maps discovered:
D:1:      beargit_arrival_diablo_church, layout_basic,
          hellmonk_ecumenical_altar_dog_temple, minmay_misc_feat_rugged
D:2:      layout_rooms, basic_altar, serial_corexii_hall,
          chequers_hall_statues_y, corexii_hall_statues_x,
          corexii_hall_statues_i, chequers_hall_statues_corner_a,
          corexii_hall_statues_l, corexii_hall_statues_l
D:3:      layout_loops_ring, serial_shops, nicolae_shop_statue_plus,
          lightli_corner_chamber
D:4:      layout_loops_ring
D:5:      layout_rooms, minmay_temple_entry_offerings, serial_bayou_lagoon_b,
          uniq_sigmund
D:6:      layout_gridville
D:7:      layout_rooms, chequers_serial_rivers_small_a
D:8:      layout_loops_corners
D:9:      layout_long_grid, david_orc_4, serial_shops, shop, uniq_prince_ribbit1
D:10:     layout_cave_pods, general_overflow_altar, serial_shops, shop,
          uniq_psyche, uniq_erica
D:11:     minmay_the_grid_octo_tiled_squarecenter_mashed
          [minmay_the_grid_octo_thin_diamonds, minmay_the_grid_octo_horde,
          minmay_the_grid_octo_odd_swirl, minmay_the_grid_octo_pinwheel,
          minmay_the_grid_square_5x5_megaprize_hollow,
          minmay_the_grid_square_5x5_longway, minmay_the_grid_square_5x5_empty,
          minmay_the_grid_square_5x5_almost_minimal,
          minmay_the_grid_square_5x5_c], layout_basic, lair_entry_dummy,
          special_room [special_room_bee]
D:12:     layout_rooms, trog_hazing_becter
Temple:   dpeg_three_leaves_temple
Lair:1:   layout_misc_corridors, fungi_pond_lemuel,
          grunt_forest_large_clearings, uniq_harold

Skill      XL: |  1  2  3  4  5  6  7  8  9 10 11 12 |
---------------+-------------------------------------+-----
Fighting       | 2 3 6 8 9 |  9.5
Unarmed Combat | 4 5 6 8 10 11 | 11.0
Transmutations | 3 5 7 8 |  8.0
Spellcasting   | 3 5 7 8 9 |  9.3
Earth Magic    | 2 4 6 |  6.0
Dodging        | 3 5 6 |  6.0
Invocations    | 5 6 |  6.0

Action                   |  1- 3 |  4- 6 |  7- 9 | 10-12 || total
-------------------------+-------+-------+-------+-------++-------
Melee: Unarmed           |   116 |   179 |   271 |   464 ||  1030
       Kick              |    15 |    21 |    41 |    14 ||    91
       Tailslap          |    10 |    15 |    20 |    11 ||    56
       Headbutt          |     9 |    17 |    40 |     9 ||    75
       Punch             |     2 |     1 |     7 |     3 ||    13
 Cast: Beastly Appendage |    14 |    16 |    27 |     5 ||    62
       Wereblood         |     1 |       |     3 |    10 ||    14
       Spider Form       |       |     1 |     6 |    40 ||    47
       Ice Form          |       |       |     1 |     6 ||     7
Invok: Bend Time         |       |       |       |     2 ||     2
       Temporal Distorti |       |       |       |     1 ||     1
 Abil: End Transformatio |       |       |     1 |       ||     1
  Use: Potion            |       |       |     2 |     4 ||     6
       Scroll            |       |       |     5 |    13 ||    18
 Stab: Invisible         |       |       |     1 |       ||     1
       Sleeping          |       |       |       |     1 ||     1
Armor: Skin              |    44 |    62 |    90 |    48 ||   244
Dodge: Dodged            |    75 |   142 |   212 |   711 ||  1140

Table legend: (Time is in decaauts)
 A = Elapsed time spent in this place.
 B = Non-inter-level travel time spent in this place.
 C = Inter-level travel time spent in this place.
 D = Time resting spent in this place.
 E = Time spent auto-exploring this place.
 F = Levels seen in this place.
 G = Mean time per level.
                   A        B        C        D        E       F      G
               +--------+--------+--------+--------+--------+-----+--------+
         Total |  21749 |  20896 |    853 |   7246 |   9565 |  14 | 1553.5 |
       Dungeon |  21331 |  20488 |    843 |   7244 |   9473 |  12 | 1777.6 |
        Temple |    152 |    143 |      9 |      0 |     38 |   1 |  152.0 |
          Lair |    265 |    265 |      0 |      2 |     53 |   1 |  265.0 |
               +--------+--------+--------+--------+--------+-----+--------+

Top non-repeatable levels by time:
    D:11: 4505 daAuts
     D:8: 2627 daAuts
    D:10: 2475 daAuts
     D:9: 2281 daAuts
     D:4: 1831 daAuts
     D:7: 1579 daAuts
     D:6: 1490 daAuts
     D:2: 1283 daAuts
     D:5: 1186 daAuts
     D:3: 1151 daAuts
     D:1: 917 daAuts
  Lair:1: 265 daAuts
  Temple: 152 daAuts
    D:12: 1 daAuts
